 Dungeon Crawl Stone Soup version 0.24.0-13-gcf9b319 (webtiles) character file.

Game seed: 8823393803668558165, levelgen mode: deterministic

196 Bronimir the Charmwright (level 5, -1/58 HPs)
             Began as a Barachi Skald on Apr 18, 2020.
             Killed from afar by an orc wizard (5 damage)
             ... with a magic dart
             ... on level 4 of the Dungeon.
             The game lasted 00:08:28 (3532 turns).

Bronimir the Charmwright (Barachi Skald)            Turns: 3532, Time: 00:08:29

Health: -1/58      AC:  4    Str: 17    XL:     5   Next: 74%
Magic:  1/9        EV: 12    Int: 14    God:
Gold:   102        SH:  4    Dex: 12    Spells: 2/10 levels left

rFire    . . .     SeeInvis .   a - +0 spear
rCold    . . .     Gourm    .   o - +0 buckler
rNeg     . . .     Faith    .   b - +0 leather armour
rPois    .         Spirit   .   (no helmet)
rElec    .         Reflect  .   r - scarf {repulsion}
rCorr    .         Harm     .   (no gloves)
MR       .....                  t - +0 pair of boots
Stlth    ..........             A - amulet of inaccuracy
HPRegen  0.19/turn              (no ring)
MPRegen  0.11/turn              (no ring)

@: berserking, shrouded, infused (expiring), repel missiles, quick
A: +LOS, swims, slowness 1, strong legs 1
a: Hop


You were on level 4 of the Dungeon.
You were very hungry.

You visited 1 branch of the dungeon, and saw 4 of its levels.

You collected 102 gold pieces.

Inventory:

Hand Weapons
 a - a +0 spear (weapon)
 y - a +0 war axe
Missiles
 g - 163 stones (quivered)
 k - 14 arrows
 l - 42 sling bullets
Armour
 b - a +0 leather armour (worn)
 o - a +0 buckler (worn)
 r - a scarf of repulsion (worn)
 s - a +0 ring mail
 t - a +0 pair of boots (worn)
Jewellery
 w - an uncursed amulet of guardian spirit
 A - an amulet of inaccuracy (around neck)
Wands
 c - a wand of polymorph (5)
Scrolls
 h - 2 scrolls of remove curse
 i - a scroll of enchant weapon {unknown}
 j - 3 scrolls of identify
 n - a scroll of fog
 p - a scroll of magic mapping
 v - 2 scrolls of amnesia
Potions
 e - 2 potions of resistance
 f - a potion of flight
 m - a potion of invisibility {unknown}
 x - a potion of curing {unknown}
 z - 2 potions of brilliance {unknown}
Comestibles
 q - a ration


   Skills:
 + Level 2.7 Fighting
 * Level 3.6 Polearms
 * Level 2.4 Armour
 + Level 2.5 Dodging
 * Level 1.3 Shields
 * Level 3.2 Spellcasting
 * Level 4.0 Charms


You had 2 spell levels left.
You knew the following spells:

 Your Spells              Type           Power        Failure   Level  Hunger
a - Infusion              Chrm           ##..         7%          1    #......
b - Song of Slaying       Chrm           ##......     10%         2    ##.....
c - Shroud of Golubria    Chrm/Tloc      #.....       22%         2    ##.....
d - Regeneration          Chrm/Necr      #.........   41%         3    ###....

Your spell library contained the following spells:

 Spells                   Type           Power        Failure   Level  Hunger
 Spectral Weapon          Hex/Chrm       #.......     41%         3    ###....


Dungeon Overview and Level Annotations

Branches:
Dungeon (4/15)
 Temple: D:4-7

Altars:

Annotations:
D:3 3 runed translucent doors, slavetoarmok's ghost, amateur DsGl


Innate Abilities, Weirdness & Mutations

Shadows flee at your approach. (+LOS)
You can swim through water.
You cover ground slowly.
You can hop short distances.


Message History

You completely miss something.
You hear some strange, mumbled words.
A puff of flame appears from out of thin air!
The puff of flame hits you!
* * * LOW HITPOINT WARNING * * *
You barely miss something. Something hits you but does no damage.
A red film seems to cover your vision as you go berserk!
You feel yourself moving faster!
You feel mighty!
Your magical infusion is running out.
Something hits you but does no damage.
You miss something. You puncture something!
Your shroud bends something's attack away.
You closely miss something. Something hits you but does no damage.
You barely miss something. You miss something.
You hear some strange, mumbled words.
A magic dart appears from out of thin air!
The magic dart hits you.
You die...

# #.##.#!# #.
#.###.##.#.# #.
#..........##.# #.
#...รท......# #.
#..##.####.# ###.###
#..#.......#
#.....#####..#..####.#
##.#..........#.{#
.....#.#####.##.@#
#....<...........#
##...............#
###########.##### #.#
#.. ####


There were no monsters in sight!

Vanquished Creatures
  A bullfrog skeleton (D:4)
  Ijyb (D:3)
  3 adders
  3 gnolls (D:3)
  2 worms
  6 dart slugs
  5 leopard geckos
  2 orcs (D:3)
  5 goblins
  7 hobgoblins
  3 ball pythons
  5 bats
  6 frilled lizards
  12 kobolds
  9 rats
70 creatures vanquished.

Vanquished Creatures (others)
  A rat (D:1)
1 creature vanquished.

Grand Total: 71 creatures vanquished

Notes
Turn   | Place    | Note
-------+----------+-------------------------------------------
     0 | D:1      | Bronimir the Barachi Skald began the quest for the Orb.
     0 | D:1      | Reached XP level 1. HP: 17/17 MP: 3/3
   268 | D:1      | Reached XP level 2. HP: 20/23 MP: 1/5
   605 | D:1      | Learned a level 2 spell: Song of Slaying
   608 | D:1      | Learned a level 2 spell: Shroud of Golubria
   651 | D:1      | Reached XP level 3. HP: 18/28 MP: 2/6
  1222 | D:2      | Reached XP level 4. HP: 33/34 MP: 7/7
  2168 | D:3      | Learned a level 3 spell: Regeneration
  2541 | D:3      | Reached skill level 4 in Charms
  2642 | D:3      | Reached XP level 5. HP: 30/39 MP: 4/9
  2827 | D:3      | Noticed slavetoarmok's ghost (amateur DsGl)
  2836 | D:3      | Noticed Ijyb
  2861 | D:3      | Killed Ijyb
  2944 | D:3      | Found a runed translucent gate.
  2944 | D:3      | Found a runed translucent gate.
  2944 | D:3      | Found a runed translucent gate.
  3370 | D:4      | Reached skill level 1 in Shields
  3532 | D:4      | Killed from afar by an orc wizard

Levels and vault maps discovered:
D:1:      shiori_arrival_maze, layout_basic
D:2:      layout_basic, minmay_pentomino_r2
D:3:      layout_basic, first_ration, gammafunk_ghost_icy, uniq_ijyb
D:4:      layout_loops_ring, nicolae_overflow_hidden_temple, minmay_circle_x

Skill      XL: |  1  2  3  4  5 |
---------------+----------------+-----
Polearms       | 3 |  3.6
Armour         | 2 |  2.4
Charms         | 4 |  4.0
Spellcasting   | 3 |  3.2
Shields        | 1 |  1.3
Fighting       | |  2.7
Dodging        | |  2.5

Action                   |  1- 3 |  4- 6 || total
-------------------------+-------+-------++-------
Melee: Spear             |   132 |   184 ||   316
       Unarmed           |       |     9 ||     9
 Cast: Infusion          |     7 |    13 ||    20
       Shroud of Golubri |       |     5 ||     5
       Song of Slaying   |       |     1 ||     1
       Regeneration      |       |     2 ||     2
 Abil: Hop               |       |     1 ||     1
  Use: Potion            |       |     7 ||     7
       Scroll            |       |     8 ||     8
 Stab: Sleeping          |     2 |       ||     2
  Eat: Chunk             |     2 |     4 ||     6
       Ration            |       |     1 ||     1
Armor: Leather armour    |    21 |    31 ||    52
       Skin              |       |    13 ||    13
Dodge: Dodged            |    65 |    79 ||   144
       Deflected         |     1 |     4 ||     5
Block: Buckler           |       |     8 ||     8
